 Dungeon Crawl Stone Soup version 0.26.0-10-g1f06aea511 (webtiles) character file.

Game seed: 11357398102021558049

114 Dracia the Covered (level 4, -7/35 HPs)
             Began as a Demonspawn Fighter on Jan 19, 2021.
             Mangled by Sigmund
             ... wielding a +2 vorpal scythe
              (10 damage)
             ... on level 3 of the Dungeon.
             The game lasted 00:02:39 (1742 turns).

Dracia the Covered (Demonspawn Fighter)             Turns: 1742, Time: 00:02:39

Health: -7/35      AC:  6    Str: 18    XL:     4   Next: 67%
Magic:  4/4        EV:  8    Int:  9    God:
Gold:   131        SH: 10    Dex: 12    Spells: 3/3 levels left

rFire    . . .     SeeInvis .   a - +1 rapier
rCold    . . .     Faith    .   c - +1 kite shield
rNeg     . . .     Spirit   .   b - +0 scale mail
rPois    .         Reflect  .   (no helmet)
rElec    .         Harm     .   (no cloak)
rCorr    .         Rampage  .   (no gloves)
Will     .....                  (no boots)
Stlth    ..........             (no amulet)
HPRegen  0.11/turn              (no ring)
MPRegen  0.09/turn              (no ring)

@: no status effects
A: powered by death 1
a: no special abilities


You were on level 3 of the Dungeon.
You visited 1 branch of the dungeon, and saw 3 of its levels.

You collected 131 gold pieces.


Innate Abilities, Weirdness & Mutations

You regenerate a little health from kills.


   Skills:
 - Level 3.0 Fighting
 - Level 1.7 Short Blades
 + Level 3.6 Armour
 + Level 2.1 Dodging
 + Level 3.5 Shields


You had 3 spell levels left.
You didn't know any spells.
Your spell library was empty.

Inventory:

Hand Weapons
 a - a +1 rapier (weapon)
Armour
 b - a +0 scale mail (worn)
 c - a +1 kite shield (worn)
Jewellery
 e - an uncursed amulet of reflection {unknown}
 j - an uncursed ring of ice {unknown}
 m - an uncursed ring of magical power {unknown}
Scrolls
 i - a scroll of teleportation {@r4@r4}
Potions
 d - 2 potions of might
 g - a potion of curing {unknown}
 h - 3 potions of invisibility
 n - 2 potions of lignification {unknown}

Dungeon Overview and Level Annotations

Branches:
Dungeon (3/15)

Altars:
Nemelex Xobeh

Annotations:
D:3 Sigmund

..# ### #.#
##.###.#
##.#.##.#######
#.#...........#
##...##.#####.
##.###.#
#.###.###.#
#.......@<#
#####.########
#........#
#.†#####.# #.$.
##.#. #.(.. ...
.. ##...##


There were no monsters in sight!


Message History

A frilled lizard comes into view.
The frilled lizard hisses angrily.
You hear a shout!
A frilled lizard is nearby!
A frilled lizard is nearby!
Sigmund the Dreaded comes into view.
He is wielding a +2 vorpal scythe.
Sigmund drinks a potion.
Sigmund seems to speed up.
You hit the frilled lizard but do no damage.
Sigmund points at himself and mumbles some strange words.
Sigmund flickers and vanishes!
Deactivating autopickup; reactivate with Ctrl-A.
You block the frilled lizard's attack.
You completely miss the frilled lizard. You block the frilled lizard's attack.
Something hits you.
You puncture the frilled lizard!
You kill the frilled lizard!
Something hits you but does no damage.
Unknown command.
Something hits you but does no damage.
There is a stone staircase leading up here.
You block something's attack.
You puncture something! Something hits you but does no damage.
You miss something. Something hits you.
You miss something. Something hits you!
* * * LOW HITPOINT WARNING * * *
You puncture something! Something hits you.
* * * LOW HITPOINT WARNING * * *
x2 Something hits you.
* * * LOW HITPOINT WARNING * * *
x2 You miss something.
Something hits you!
You die...

Skill      XL: |  1  2  3  4 |
---------------+-------------+-----
Armour         | 3 |  3.6
Shields        | 3 |  3.5
Dodging        | 1 2 |  2.1
Fighting       | |  3.0
Short Blades   | |  1.7

Action                   |  1- 3 |  4- 6 || total
-------------------------+-------+-------++-------
Melee: Rapier            |   150 |    39 ||   189
  Use: Scroll            |     3 |     4 ||     7
Armor: Scale mail        |    75 |    22 ||    97
Dodge: Dodged            |    37 |     6 ||    43
Block: Kite shield       |    62 |    19 ||    81

Levels and vault maps discovered:
D:1:      wander_arrival_desolate, layout_basic
D:2:      layout_loops_cross, nemelex_lonely_heart_becter
D:3:      layout_loops_corners, uniq_sigmund

Notes
Turn   | Place    | Note
-------+----------+-------------------------------------------
     0 | D:1      | Dracia the Demonspawn Fighter began the quest for the Orb.
     0 | D:1      | Reached XP level 1. HP: 18/18 MP: 1/1
   252 | D:1      | Gained mutation: You regenerate a little health from kills.
                  | [demonic ancestry]
   252 | D:1      | Reached XP level 2. HP: 24/24 MP: 2/2
   328 | D:1      | Reached skill level 3 in Armour
   328 | D:1      | Reached skill level 3 in Shields
   404 | D:1      | Reached skill level 1 in Dodging
   720 | D:1      | Reached XP level 3. HP: 29/29 MP: 3/3
  1119 | D:2      | Found a sparkling altar of Nemelex Xobeh.
  1366 | D:2      | Reached XP level 4. HP: 29/35 MP: 4/4
  1420 | D:2      | Reached skill level 2 in Dodging
  1727 | D:3      | Noticed Sigmund
  1741 | D:3      | HP: 3/35 [something (2)]
  1742 | D:3      | Mangled by Sigmund

Vanquished Creatures
  A bullfrog skeleton (D:2)
  2 adders (D:2)
  An ooze (D:2)
  A worm (D:2)
  2 dart slugs (D:1)
  2 leopard geckos
  2 ball pythons
  2 giant cockroaches (D:2)
  8 goblins
  7 hobgoblins
  5 jackals (D:1)
  8 bats
  5 frilled lizards
  8 rats
54 creatures vanquished.

Table legend: (Time is in decaauts)
 A = Elapsed time spent in this place.
 B = Non-inter-level travel time spent in this place.
 C = Inter-level travel time spent in this place.
 D = Time resting spent in this place.
 E = Time spent auto-exploring this place.
 F = Levels seen in this place.
 G = Mean time per level.
                   A        B        C        D        E       F      G
               +--------+--------+--------+--------+--------+-----+--------+
         Total |   1777 |   1728 |     49 |      0 |   1339 |   3 |  592.3 |
       Dungeon |   1777 |   1728 |     49 |      0 |   1339 |   3 |  592.3 |
               +--------+--------+--------+--------+--------+-----+--------+

Top non-repeatable levels by time:
     D:1: 1023 daAuts
     D:2: 720 daAuts
     D:3: 34 daAuts

Table legend:
 A = Non-vault XP
 B = Vault XP
 C = Vault XP percentage of total XP
 D = Non-vault monster count
 E = Vault monster count
 F = Vault count percentage of total count
                 A         B        C        D         E       F
            +---------+---------+-------+---------+---------+-------
      Total |     164 |       0 |   0.0 |      54 |       0 |   0.0
            +---------+---------+-------+---------+---------+-------
        D:1 |      57 |       0 |   0.0 |      31 |       0 |   0.0
        D:2 |     103 |       0 |   0.0 |      21 |       0 |   0.0
        D:3 |       4 |       0 |   0.0 |       2 |       0 |   0.0
            +---------+---------+-------+---------+---------+-------
